 Dungeon Crawl Stone Soup version 0.28.0-43-g3370ac3207 (webtiles) character file.

Game seed: 14322055489235506336

1075 Kraken2834 the Covert (level 8, 0/37 HPs)
             Began as a Spriggan Brigand on Mar 12, 2022.
             Shot with an arrow by a centaur (3 damage)
             ... on level 6 of the Dungeon.
             The game lasted 00:21:14 (7777 turns).

Kraken2834 the Covert (Spriggan Brigand)            Turns: 7777, Time: 00:21:14

Health: 0/37       AC:  5    Str:  7    XL:     8   Next: 8%
Magic:  9/9        EV: 20    Int: 13    God:
Gold:   73         SH:  0    Dex: 18    Spells: 7/7 levels left

rFire   . . .      SeeInvis +   a - +2 dagger
rCold   . . .      Faith    .   (no shield)
rNeg    . . .      Spirit   .   b - +0 robe
rPois   +          Reflect  .   (helmet restricted)
rElec   .          Harm     .   l - +2 cloak "Zuppuoj" {Will+ SInv}
rCorr   .          Rampage  .   (gloves unavailable)
Will    ++...      Rage     1%  (boots unavailable)
Stlth   +++++.....              (no amulet)
HPRegen 0.12/turn               (no ring)
MPRegen 0.11/turn               (no ring)

@: very quick
A: very small, no large weapons, unfitting armour, see invisible, speed 3,
berserk 1, poison resistance, wild magic 1
a: no special abilities


You were on level 6 of the Dungeon.
You visited 1 branch of the dungeon, and saw 6 of its levels.

You collected 129 gold pieces.
You spent 56 gold pieces at shops.

Inventory:

Hand Weapons
 a - a +2 dagger (weapon)
Missiles
 t - 3 poisoned darts (quivered)
 u - 2 curare-tipped darts
Armour
 b - a +0 robe (worn)
 c - a +0 cloak
 f - the +2 robe of Dramatic Exits {Harm Drain Regen+ Str+4 Int+3}
   (You found it on level 3 of the Dungeon)

   Str:       It affects your strength (+4).
   Int:       It affects your intelligence (+3).
   Regen:     It increases your rate of health regeneration.
   Drain:     It drains your maximum health when unequipped.
   Harm:      It increases damage dealt and taken.
 l - the +2 cloak "Zuppuoj" (worn) {Will+ SInv}
   (You found it on level 4 of the Dungeon)

   SInv:      It lets you see invisible.
   Will:      It increases your willpower.
Jewellery
 g - a ring of magical power
Wands
 e - a wand of paralysis (7)
Scrolls
 h - 5 scrolls of teleportation
 n - a scroll of identify
 p - a scroll of fear
 r - a scroll of amnesia {unknown}
 s - a scroll of immolation {unknown}
Potions
 d - a potion of attraction {unknown}
 i - a potion of magic
 j - a potion of curing
 k - a potion of lignification
 m - a potion of ambrosia
 o - a potion of brilliance
 q - a potion of heal wounds {unknown}


   Skills:
 - Level 1.5 Fighting
 + Level 5.6 Short Blades
 - Level 2.0 Throwing
 + Level 6.1 Dodging
 * Level 11.8 Stealth


You had 7 spell levels left.
You didn't know any spells.
Your spell library was empty.

Dungeon Overview and Level Annotations

Branches:
Dungeon (6/15)
 Temple: D:4-7

Altars:
Ru

Shops:
D:1 (   D:5 ?

Annotations:
D:2 Robin
D:6 Grinder


Innate Abilities, Weirdness & Mutations

You are very small and have problems with some larger weapons.
You are too small for most types of armour.
You have supernaturally acute eyesight. (SInv)
You cover ground extremely quickly. (Speed+++)
You tend to lose your temper in combat.
Your system is resistant to poisons. (rPois)
Your spells are a little harder to cast, but a little more powerful.


Message History

Aim: a human, wearing a +0 animal skin and quivering stones (lightly wounded, 51% to hit)
You throw a poisoned dart. The poisoned dart hits the human.
The human is poisoned.
The human is lightly wounded.
The human completely misses you.
The human wields a +0 hunting sling.
The human shoots a stone.
The stone barely misses you.
The human shoots a stone.
The stone closely misses you.
The human looks more healthy.
The human shoots a stone.
The stone hits you.
You start resting.
You hear the slow rusting of a very distant drain.
Throw: 5 darts (poison)
Press: ? - help, Q - select action, (/) - cycle Shift-Dir - straight line, f/p - human
Aim: a human, wielding a +0 hunting sling, wearing a +0 animal skin and quivering stones (lightly wounded, 51% to hit)
You throw a poisoned dart. The poisoned dart hits the human.
The human is lightly wounded.
The human shoots a stone.
The stone hits you but does no damage.
Throw: 4 darts (poison)
Press: ? - help, Q - select action, (/) - cycle Shift-Dir - straight line, f/p - human
Aim: a human, wielding a +0 hunting sling, wearing a +0 animal skin and quivering stones (lightly wounded, 51% to hit)
You throw a poisoned dart.
The poisoned dart barely misses the human.
The human shoots a stone.
The stone hits you.
* * * LOW HITPOINT WARNING * * *
Press: ? - help, v - describe, . - travel, g - get item
Here: a human, wielding a +0 hunting sling, wearing a +0 animal skin and quivering stones (lightly wounded) Item here: a poisoned dart.
The floor.
The human shoots a stone.
The stone completely misses you.
You start resting.
The human shoots a stone.
The stone hits you!
* * * LOW HITPOINT WARNING * * *
A centaur comes into view.
An ogre comes into view. It is wielding a +0 giant spiked club.
A centaur zombie comes into view.
Found 15 stones.
A gnoll shaman comes into view. It is wielding a +0 club.
The gnoll shaman shouts!
You hear an angry hiss.
You hear a shout! x2
Found 11 gold pieces.
The centaur wields a +0 shortbow.
The centaur shoots an arrow.
The arrow hits you.
You die...

...p...#.## #p#
.......#.# #.#
......<..# ##.#####
##...#.### #......#
#..... #.#....#
#..... #.#....# +.5
.# ######.#....#
#..#####...........#
#....@..####.#....#
####..### ...#..O.#
..g... ..........#
....#.c(...........#
###$.......c...#.###
#.#.............
#.#..........#.## .
.........


You could see a centaur and a gnoll shaman.

Vanquished Creatures
  Edmund (D:5)
  Duvessa (D:5)
  An orc warrior (D:5)
  2 ogres
  A water moccasin zombie (D:5)
  A water moccasin skeleton (D:4)
  Dowan (D:5)
  2 hounds
  Crazy Yiuf (D:5)
  Natasha (twice) (D:3)
  4 orc wizards
  9 adders
  An ufetubus (D:4)
  A worm (D:2)
  3 dart slugs
  21 orcs
  10 ball pythons
  10 endoplasms
  6 giant cockroaches
  12 goblins
  3 hobgoblins
  4 kobolds
  3 quokkas
  3 bats
  2 frilled lizards
  3 rats
108 creatures vanquished.

Vanquished Creatures (others)
  3 fungi (D:1)
  9 plants (D:1)
12 creatures vanquished.

Grand Total: 120 creatures vanquished

Notes
Turn   | Place    | Note
-------+----------+-------------------------------------------
     0 | D:1      | Kraken2834 the Spriggan Brigand began the quest for the
                  | Orb.
     0 | D:1      | Reached XP level 1. HP: 10/10 MP: 2/2
   371 | D:1      | Reached skill level 6 in Stealth
   415 | D:1      | Found a faded altar of an unknown god.
   426 | D:1      | Reached XP level 2. HP: 12/14 MP: 3/3
   508 | D:1      | Found Tamoseu's Antique Weapon Shoppe.
  1047 | D:2      | Reached XP level 3. HP: 18/18 MP: 4/4
  1090 | D:2      | Reached skill level 7 in Stealth
  1691 | D:2      | Reached XP level 4. HP: 22/22 MP: 5/5
  1705 | D:2      | Noticed Robin
  2980 | D:3      | Identified the +2 robe of Dramatic Exits {Harm Drain Regen+
                  | Str+4 Int+3}
  3135 | D:3      | Noticed Natasha
  3170 | D:3      | Killed Natasha
  3217 | D:3      | Noticed Natasha
  3233 | D:3      | Killed Natasha
  3234 | D:3      | Reached skill level 8 in Stealth
  3234 | D:3      | Reached XP level 5. HP: 18/25 MP: 6/6
  3510 | D:4      | Noticed an ogre
  3516 | D:4      | Killed an ogre
  3576 | D:4      | Noticed an ogre
  3957 | D:4      | Reached XP level 6. HP: 23/30 MP: 7/7
  4502 | D:4      | Identified the +2 cloak "Zuppuoj" {Will+ SInv}
  4651 | D:4      | Reached skill level 9 in Stealth
  5047 | D:4      | Found a sacrificial altar of Ru.
  5792 | D:5      | Entered Level 5 of the Dungeon
  5929 | D:5      | Noticed Duvessa
  5991 | D:5      | Noticed Edmund
  6014 | D:5      | Reached skill level 10 in Stealth
  6015 | D:5      | Identified the +6 hand axe of Irgheeza {freeze, rPois rF+
                  | Str-5 Dex+3}
  6055 | D:5      | Killed Edmund
  6056 | D:5      | Reached skill level 5 in Dodging
  6056 | D:5      | Reached XP level 7. HP: 33/33 MP: 8/8
  6177 | D:5      | Found Zaem's Magic Scroll Boutique.
  6185 | D:5      | Bought a scroll of identify for 28 gold pieces
  6185 | D:5      | Bought a scroll of identify for 28 gold pieces
  6188 | D:5      | Gained mutation: Your spells are a little harder to cast,
                  | but a little more powerful. [potion of mutation]
  6188 | D:5      | Gained mutation: You tend to lose your temper in combat.
                  | [potion of mutation]
  6188 | D:5      | Gained mutation: Your system is resistant to poisons.
                  | (rPois) [potion of mutation]
  6596 | D:5      | Reached skill level 5 in Short Blades
  6864 | D:5      | Reached skill level 11 in Stealth
  6947 | D:5      | Found a runed translucent door.
  6948 | D:5      | Noticed Crazy Yiuf
  7241 | D:5      | Noticed Dowan
  7479 | D:5      | Killed Duvessa
  7483 | D:5      | Killed Dowan
  7507 | D:5      | Reached XP level 8. HP: 37/37 MP: 9/9
  7624 | D:5      | Killed Crazy Yiuf
  7697 | D:6      | Noticed Grinder
  7777 | D:6      | Shot with an arrow by a centaur

Illustrated notes

Levels and vault maps discovered:
D:1:      dpeg_arrival_water_fire, layout_loops_ring, serial_shops, shop,
          dreamdust_ecumenical_altar_grove, minivault_14,
          hangedman_decor_growths
D:2:      layout_loops_ring, uniq_robin
D:3:      layout_basic, uniq_natasha
D:4:      layout_loops_ring, marbit_many_paths
D:5:      layout_basic, serial_shops, shop, uniq_crazy_yiuf_cottage,
          uniq_duvessa, uniq_edmund
D:6:      layout_rooms, gup_sewer_entry_pipe, minmay_ruffians, uniq_grinder,
          uniq_blork_the_orc

Skill      XL: |  1  2  3  4  5  6  7 |
---------------+----------------------+-----
Stealth        | 6 7 8 10 11 | 11.8
Dodging        | 2 3 4 5 6 |  6.1
Short Blades   | 3 4 5 |  5.6
Fighting       | |  1.5
Throwing       | |  2.0

Action                   |  1- 3 |  4- 6 |  7- 9 || total
-------------------------+-------+-------+-------++-------
Melee: Dagger            |   110 |   255 |    61 ||   426
       Punch             |     1 |     8 |     1 ||    10
Throw: Dart              |       |    30 |    23 ||    53
Evoke: Wand              |       |       |    15 ||    15
  Use: Scroll            |       |     5 |     3 ||     8
       Potion            |       |     1 |     1 ||     2
 Stab: Sleeping          |    11 |    15 |     2 ||    28
       Distracted        |     1 |     2 |       ||     3
       Paralysed         |       |       |     3 ||     3
Armor: Robe              |    10 |    31 |     4 ||    45
Dodge: Dodged            |    61 |   171 |    38 ||   270
